 Dungeon Crawl Stone Soup version 0.21-a0-450-gd87a9b2 (webtiles) character file.

1422 slep the Slasher (level 8, -3/62 HPs)
             Began as a Demonspawn Monk on Nov 19, 2017.
             Splashed by Ijyb's acid (9 damage)
             ... on level 5 of the Dungeon.
             The game lasted 00:28:26 (4904 turns).

slep the Slasher (Demonspawn Monk)                  Turns: 4904, Time: 00:28:26

Health: -3/62      AC: 10    Str: 13    XL:     8   Next: 44%
Magic:  0/7        EV: 11    Int: 11    God:
Gold:   309        SH:  0    Dex: 20    Spells: 7/7 levels left

rFire    . . .     SeeInvis .   a - +0 falchion
rCold    . . .     Gourm    +   (no shield)
rNeg     + . .     Faith    .   o - +0 pearl dragon scales
rPois    +         Spirit   +   (helmet restricted)
rElec    .         Reflect  .   p - +0 cloak
rCorr    .         Harm     .   (no gloves)
MR       ++...                  l - +0 pair of boots
Stlth    +.........             w - amulet of the gourmand
HPRegen  0.20/turn              D - +3 ring of dexterity
MPRegen  0.10/turn              (no ring)

@: corroded
A: beak, horns 2, foul stench 1, low mp 1, magic resistance 2, poison
resistance, magic shield, rot immunity, MP-powered wands
a: no special abilities


You were on level 5 of the Dungeon.
You were very full.

You visited 1 branch of the dungeon, and saw 5 of its levels.

You collected 309 gold pieces.

Inventory:

Hand Weapons
 a - a +0 falchion (weapon)
 k - a cursed -1 spear
 F - a cursed -1 hunting sling
 G - a +0 dagger of freezing
Missiles
 j - 11 tomahawks (quivered)
 I - 252 stones
Armour
 b - a +0 robe
 l - a +0 pair of boots (worn)
 o - +0 pearl dragon scales (worn)
 p - a +0 cloak (worn)
Jewellery
 e - an uncursed amulet of harm
 w - an amulet of the gourmand (around neck)
 D - a +3 ring of dexterity (left hand)
Wands
 y - a wand of paralysis (10/24)
 H - a wand of confusion (18/48)
Scrolls
 f - 2 scrolls of remove curse {unknown}
 i - 4 scrolls of enchant armour {unknown}
 m - 3 scrolls of immolation {unknown}
 q - 2 scrolls of teleportation {unknown}
 v - 5 scrolls of identify {unknown}
 B - a scroll of enchant weapon {unknown}
 E - a scroll of magic mapping {unknown}
Potions
 h - a potion of mutation
 n - a potion of agility {unknown}
 r - 2 potions of berserk rage {unknown}
 s - a potion of brilliance
 t - 4 potions of curing
 u - 3 potions of resistance {unknown}
 z - a potion of haste
 A - 2 potions of lignification {unknown}
 C - a potion of degeneration {unknown}
Comestibles
 c - 2 bread rations
 d - 3 royal jellies
 g - 5 meat rations
 x - 6 fruits


   Skills:
 + Level 5.2 Fighting
 + Level 6.9 Long Blades
 + Level 0.2 Throwing
 + Level 4.3 Armour
 + Level 4.1 Dodging
 + Level 2.7 Stealth
 + Level 0.2 Evocations


You had 7 spell levels left.
You didn't know any spells.

Dungeon Overview and Level Annotations

Branches:
Dungeon (5/15)
 Temple: D:4-7

Altars:
Ashenzari
Yredelemnul

Annotations:
D:5 Dowan, Ijyb


Innate Abilities, Weirdness & Mutations

You have a pair of horns on your head.
You may emit foul miasma when damaged in melee.
When hurt, damage is shared between your health and your magic reserves.
You are immune to rotting.
You have a beak for a mouth.
Your magical capacity is low. (-10% MP)
You are highly resistant to hostile enchantments. (MR++)
Your system is resistant to poisons. (rPois)
You expend magic power (3 MP) to strengthen your wands.


Message History

You hit Ijyb but do no damage. You peck Ijyb.
Ijyb is moderately wounded.
You are no longer corroded.
Ijyb zaps a wand.
The bolt of acid hits you!
You are splashed with acid!
The acid burns!
* * * LOW HITPOINT WARNING * * *
You hit Ijyb but do no damage.
Ijyb is moderately wounded.
Ijyb hits you but does no damage.
Your pearl dragon scales prevents you from hitting Ijyb.
Your headbutt misses Ijyb.
Ijyb is moderately wounded.
Dowan gestures wildly while chanting.
Dowan seems to speed up.
Ijyb hits you but does no damage.
You barely miss Ijyb.
Ijyb is moderately wounded.
Ijyb zaps a wand.
The bolt of acid hits you!
* * * LOW HITPOINT WARNING * * *
The acid corrodes you!
You are splashed with acid!
The acid burns!
You die...

#... #..# ###... #..
..#.....# #.#
.........####.#
..........##..#
..............####
...........≈e.(g@####
...............####.#
......$.......## #..#
..............## #..#
...............###..#
................#..##
................#..#
...................#
...................#


You could see Ijyb and Dowan.

Vanquished Creatures
  Duvessa (D:5)
  A sky beast (D:4)
  3 ogres
  4 big kobolds (D:4)
  A howler monkey (D:4)
  The ghost of Glaeka the Vexing, a weakling VSEn (D:4)
  A hound (D:4)
  3 bullfrog skeletons
  An orc priest (D:4)
  2 orc wizards (D:4)
  5 worker ants (D:4)
  A howler monkey skeleton (D:4)
  10 gnolls
  4 adders
  2 worms (D:4)
  2 dart slugs
  3 leopard geckos
  6 orcs
  8 bats
  2 giant cockroaches (D:2)
  40 goblins
  27 hobgoblins
  7 jackals (D:4)
  4 quokkas
  2 ball pythons
  5 frilled lizards
  A jackal skeleton (D:4)
  7 kobolds
  6 rats
  3 plants (D:2)
163 creatures vanquished.

Vanquished Creatures (others)
  A sky beast (D:5)
1 creature vanquished.

Grand Total: 164 creatures vanquished

Notes
Turn   | Place    | Note
-------+----------+-------------------------------------------
     0 | D:1      | slep the Demonspawn Monk began the quest for the Orb.
     0 | D:1      | Reached XP level 1. HP: 18/18 MP: 1/1
    46 | D:2      | Gained mutation: You are immune to rotting. [demonic ancestry]
    46 | D:2      | Reached XP level 2. HP: 15/24 MP: 2/2
   235 | D:2      | Reached skill level 3 in Long Blades
   438 | D:2      | Reached XP level 3. HP: 8/29 MP: 3/3
  1090 | D:2      | Found a shattered altar of Ashenzari.
  1466 | D:2      | Found a basalt altar of Yredelemnul.
  1760 | D:2      | Gained mutation: You have a pair of small horns on your head. [demonic ancestry]
  1760 | D:2      | Reached XP level 4. HP: 32/36 MP: 4/4
  2709 | D:3      | Gained mutation: You may emit foul miasma when damaged in melee. [demonic ancestry]
  2709 | D:3      | Reached XP level 5. HP: 37/42 MP: 5/5
  2809 | D:3      | Reached skill level 4 in Long Blades
  3162 | D:4      | Noticed Glaeka's ghost (weakling VSEn)
  3163 | D:4      | Gained mutation: You have a pair of horns on your head. [potion of mutation]
  3163 | D:4      | Gained mutation: You have a beak for a mouth. [potion of mutation]
  3163 | D:4      | Gained mutation: You are resistant to hostile enchantments. (MR+) [potion of mutation]
  3170 | D:4      | Killed Glaeka's ghost
  3170 | D:4      | Reached skill level 1 in Armour
  3234 | D:4      | Reached XP level 6. HP: 37/48 MP: 6/6
  3535 | D:4      | Noticed a sky beast
  3543 | D:4      | Killed a sky beast
  3547 | D:4      | Gained mutation: You expend magic power (3 MP) to strengthen your wands. [mutagenic meat]
  3548 | D:4      | Gained mutation: Your system is resistant to poisons. (rPois) [mutagenic meat]
  3549 | D:4      | Gained mutation: You are highly resistant to hostile enchantments. (MR++) [mutagenic meat]
  3551 | D:4      | Gained mutation: Your magical capacity is low. (-10% MP) [mutagenic meat]
  3610 | D:4      | Reached skill level 5 in Long Blades
  3610 | D:4      | Reached XP level 7. HP: 44/55 MP: 6/6
  4087 | D:4      | Reached skill level 6 in Long Blades
  4192 | D:4      | Reached skill level 5 in Fighting
  4192 | D:4      | Gained mutation: When hurt, damage is shared between your health and your magic reserves. [demonic ancestry]
  4192 | D:4      | Reached XP level 8. HP: 20/62 MP: 7/7
  4774 | D:5      | Entered Level 5 of the Dungeon
  4845 | D:5      | Noticed Duvessa
  4845 | D:5      | Noticed Ijyb
  4846 | D:5      | Noticed Dowan
  4865 | D:5      | Killed Duvessa
  4904 | D:5      | Splashed by Ijyb's acid

Vault maps used:
D:1:      nzn_arrival_water_spiral
D:2:      wad_woods_settlement, yredelemnul_altar_generic,
          nicolae_overflow_hidden_temple
D:4:      minmay_goblin_kobold_castle
D:5:      first_bread, uniq_duvessa, uniq_ijyb

Skill      XL: |  1  2  3  4  5  6  7  8 |
---------------+-------------------------+-----
Long Blades    | 3 4 5 6 |  6.9
Dodging        | 3 4 |  4.1
Stealth        | 2 |  2.7
Fighting       | 4 5 |  5.2
Armour         | 1 2 3 4 |  4.3
Throwing       | |  0.2
Evocations     | |  0.2

Action                   |  1- 3 |  4- 6 |  7- 9 || total
-------------------------+-------+-------+-------++-------
Melee: Falchion          |   142 |   216 |   256 ||   614
       Headbutt          |       |    56 |    61 ||   117
       Peck              |       |    19 |    72 ||    91
Throw: Tomahawk          |       |       |     3 ||     3
       Throwing net      |       |       |     1 ||     1
Evoke: Wand              |       |       |     2 ||     2
  Use: Potion            |       |     2 |     1 ||     3
 Stab: Sleeping          |     6 |       |       ||     6
  Eat: Chunk             |     3 |    12 |    19 ||    34
Armor: Robe              |     7 |       |       ||     7
       Pearl dragon scal |     5 |   105 |   141 ||   251
Dodge: Dodged            |    77 |    87 |   158 ||   322
       Rpst.: Falchion   |    26 |    37 |    46 ||   109

Table legend:
 A = Spawn XP
 B = Non-spawn XP
 C = Spawn XP percentage of total XP
 D = Spawn monster count
 E = Non-spawn monster count
 F = Spawn count percentage of total count
 G = Total turns spent on level
                    A         B        C        D         E        F      G
               +---------+---------+-------+---------+---------+-------+---------
         Total |       0 |    2032 |   0.0 |       0 |     161 |   0.0 |  4904
               +---------+---------+-------+---------+---------+-------+---------
           D:1 |       0 |      25 |   0.0 |       0 |      16 |   0.0 |   449
           D:2 |       0 |     123 |   0.0 |       0 |      32 |   0.0 |  2257
           D:3 |       0 |      95 |   0.0 |       0 |      20 |   0.0 |   456
           D:4 |       0 |    1491 |   0.0 |       0 |      90 |   0.0 |  1612
           D:5 |       0 |     298 |   0.0 |       0 |       3 |   0.0 |   130
               +---------+---------+-------+---------+---------+-------+---------
